 Dungeon Crawl Stone Soup version 0.28-a0-580-ga2639ab843 (webtiles) character file.

Game seed: 140038290771657630

669 jasper the Slasher (level 7, -2/56 HPs)
             Began as a Demonspawn Cinder Acolyte on Oct 3, 2021.
             Was an Elder of Ignis.
             Succumbed to a gnoll sergeant's poison
             ... on level 6 of the Dungeon.
             The game lasted 00:03:14 (1549 turns).

jasper the Slasher (Demonspawn Cinder Acolyte)      Turns: 1549, Time: 00:03:15

Health: -2/56      AC:  8    Str: 16    XL:     7   Next: 32%
Magic:  8/8        EV: 10    Int: 15    God:    Ignis [****..]
Gold:   123        SH:  0    Dex:  9    Spells: 8/8 levels left

rFire   + + .      SeeInvis .   a - -1 falchion (flame)
rCold   . . .      Faith    .   (no shield)
rNeg    . . .      Spirit   .   j - +1 scale mail {rF+}
rPois   .          Reflect  .   (no helmet)
rElec   .          Harm     .   (no cloak)
rCorr   .          Rampage  .   (no gloves)
Will    .....                   (no boots)
Stlth   ..........              (no amulet)
HPRegen 0.18/turn               (no ring)
MPRegen 0.11/turn               (no ring)

@: mighty, lethally poisoned (-2 -> -32)
A: talons 1, rugged brown scales 1, demonic guardian 3
a: Renounce Religion, Sea of Fire, Foxfire Swarm, Rising Flame


You were on level 6 of the Dungeon.
You worshipped Ignis.
Ignis was greatly pleased with you.
You visited 1 branch of the dungeon, and saw 6 of its levels.

You collected 123 gold pieces.

Inventory:

Hand Weapons
 a - a -1 falchion of flaming (weapon)
 d - a +0 triple sword
 l - a +3 dagger of venom
Missiles
 g - 15 poisoned darts (quivered)
 h - 69 stones
Armour
 b - a +0 robe
 j - a +1 scale mail of fire resistance (worn)
Wands
 k - a wand of flame (21)
Scrolls
 c - a scroll of noise {unknown}
Potions
 e - 3 potions of mutation
 i - 2 potions of attraction


   Skills:
 + Level 4.7 Fighting
 * Level 5.4 Long Blades
 + Level 3.0 Armour
 - Level 2.6 Dodging
 - Level 1.0 Spellcasting
 - Level 2.6 Fire Magic


You had 8 spell levels left.
You didn't know any spells.
Your spell library contained the following spells:

 Spells                   Type           Power      Damage    Failure   Level
 Scorch                   Fire           16%        2d5       41%         2
 Slow                     Hex            0%         N/A       78%         2
 Sublimation of Blood     Necr           0%         N/A       78%         2
 Wereblood                Tmut           0%         N/A       78%         2
 Confusing Touch          Hex            0%         N/A       95%         3
 Yara's Violent Unravell  Hex/Tmut       0%         3d3       100%        5
 Summon Hydra             Summ           0%         N/A       100%        7


Dungeon Overview and Level Annotations

Branches:
Dungeon (6/15)
 Temple: D:4-7

Altars:

Shops:
D:4 =


Innate Abilities, Weirdness & Mutations

You have sharp toenails.
You are partially covered in rugged brown scales. (AC +1, +3% HP)
A powerful demonic guardian rushes to your aid.


Message History

The gnoll sergeant is lightly wounded.
You feel very sick.
The gnoll sergeant hits you with a +6 spear of venom.
You are more poisoned.
You take 9 damage, and have 41/56 hp.
You hit the gnoll sergeant but do no damage.
You claw the gnoll sergeant, but do no damage.
The gnoll sergeant is lightly wounded.
You feel very sick.
A black bear comes into view.
The gnoll sergeant hits you with a +6 spear of venom.
You are lethally poisoned!
You take 9 damage, and have 32/56 hp.
You barely miss the gnoll sergeant.
You claw the gnoll sergeant, but do no damage.
The gnoll sergeant is lightly wounded.
You feel extremely sick.
Your sun demon barely misses the gnoll sergeant.
The gnoll sergeant hits you with a +6 spear of venom.
You are more poisoned.
You take 9 damage, and have 23/56 hp.
You hit the gnoll sergeant but do no damage.
The gnoll sergeant is lightly wounded.
* * * LOW HITPOINT WARNING * * *
You feel extremely sick.
Your sun demon closely misses the gnoll sergeant.
The gnoll sergeant hits you with a +6 spear of venom.
* * * LOW HITPOINT WARNING * * *
You are more poisoned.
Your sun demon hits the gnoll sergeant.
The gnoll sergeant is engulfed in flames!
You take 10 damage, and have 13/56 hp.
* * * LOW HITPOINT WARNING * * *
You feel extremely sick. The gnoll sergeant closely misses you.
Your sun demon closely misses the gnoll sergeant.
You take 8 damage, and have 5/56 hp.
It was a potion of might.
You feel very mighty all of a sudden.
You die...

... ..... ...
..... .. ..##
...... ##.. .#..
....#. #.. ....#
......##.## ....
..........##...#
....../)...#..#
.......g@.....#
##....g3).<...#
#.../h..######
$.....(...
..........#
....###..## ....
#..# ... ..##


You could see a black bear, a gnoll sergeant (ally target), a gnoll and a
friendly sun demon (summoned).

Vanquished Creatures
  Grinder (D:3)
  A black bear (D:4)
  A necrophage (D:5)
  An ogre (D:5)
  A gnoll sergeant (D:5)
  A bullfrog skeleton (D:5)
  Terence (D:2)
  A scorpion zombie (D:5)
  7 gnolls
  2 orcs
  2 endoplasms (D:1)
  A giant cockroach (D:1)
  2 goblins (D:1)
  A hobgoblin (D:2)
  3 jackals (D:1)
  4 quokkas
  A ball python (D:2)
  A frilled lizard (D:2)
  5 kobolds
  2 rats
39 creatures vanquished.

Vanquished Creatures (others)
  67 foxfires
67 creatures vanquished.

Grand Total: 106 creatures vanquished

Notes
Turn   | Place    | Note
-------+----------+-------------------------------------------
     0 | D:1      | jasper the Demonspawn Cinder Acolyte began the quest for
                  | the Orb.
     0 | D:1      | Reached XP level 1. HP: 18/18 MP: 2/2
    76 | D:1      | Gained mutation: You are partially covered in rugged brown
                  | scales. (AC +1, +3% HP) [demonic ancestry]
    76 | D:1      | Reached XP level 2. HP: 14/24 MP: 3/3
   264 | D:1      | Reached skill level 3 in Long Blades
   376 | D:2      | Noticed Terence
   393 | D:2      | Killed Terence
   394 | D:2      | Reached skill level 1 in Armour
   394 | D:2      | Reached skill level 1 in Dodging
   394 | D:2      | Gained mutation: A weak demonic guardian rushes to your
                  | aid. [demonic ancestry]
   394 | D:2      | Reached XP level 3. HP: 29/29 MP: 4/4
   437 | D:2      | Found a faded altar of an unknown god.
   438 | D:2      | Noticed a floating eye
   626 | D:3      | Noticed Grinder
   631 | D:3      | Killed Grinder
   632 | D:3      | Reached skill level 4 in Long Blades
   632 | D:3      | Reached XP level 4. HP: 38/38 MP: 5/5
   632 | D:3      | Gained mutation: A demonic guardian rushes to your aid.
                  | [demonic ancestry]
   632 | D:3      | Reached XP level 5. HP: 43/43 MP: 6/6
   743 | D:4      | Found Leor's Jewellery Boutique.
   743 | D:4      | Noticed a black bear
   749 | D:4      | Killed a black bear
   750 | D:4      | Gained mutation: A powerful demonic guardian rushes to your
                  | aid. [demonic ancestry]
   750 | D:4      | Reached XP level 6. HP: 49/49 MP: 7/7
   901 | D:5      | Entered Level 5 of the Dungeon
  1180 | D:5      | Reached skill level 5 in Long Blades
  1180 | D:5      | Gained mutation: You have sharp toenails. [demonic
                  | ancestry]
  1180 | D:5      | Reached XP level 7. HP: 47/56 MP: 8/8
  1549 | D:6      | Succumbed to a gnoll sergeant's poison

Illustrated notes

Levels and vault maps discovered:
D:1:      psy_arrival_dodecagon, layout_basic, serial_shops,
          nicolae_shop_window_shopping
D:2:      layout_loops_ring, hellmonk_ecumenical_altar_watching_god,
          basic_altar, minmay_fountain_box, kennysheep_generic_room_9,
          uniq_crazy_yiuf_cottage, uniq_terence
D:3:      wad_river_or_something, layout_basic, minivault_24, uniq_grinder,
          uniq_jessica
D:4:      layout_cave_pods, nicolae_overflow_hidden_temple, serial_shops, shop,
          gammafunk_ghost_mausoleum, minmay_misc_feat_x, uniq_blork_the_orc
D:5:      layout_loops_corners
D:6:      layout_cave_pools, minmay_temple_entry_slanted

Skill      XL: |  1  2  3  4  5  6  7 |
---------------+----------------------+-----
Long Blades    | 3 4 5 |  5.4
Armour         | 1 2 3 |  3.0
Dodging        | 1 2 |  2.6
Fighting       | 4 |  4.7
Spellcasting   | |  1.0
Fire Magic     | |  2.6

Action                   |  1- 3 |  4- 6 |  7- 9 || total
-------------------------+-------+-------+-------++-------
Melee: Falchion          |    60 |    33 |    33 ||   126
       Kick              |       |       |    10 ||    10
Throw: Dart              |     4 |     6 |       ||    10
Invok: Foxfire Swarm     |     1 |     2 |     1 ||     4
  Use: Scroll            |       |     4 |       ||     4
       Potion            |       |       |     1 ||     1
Armor: Robe              |     9 |       |       ||     9
       Scale mail        |    13 |     8 |     8 ||    29
Dodge: Dodged            |    33 |    15 |    24 ||    72

Table legend: (Time is in decaauts)
 A = Elapsed time spent in this place.
 B = Non-inter-level travel time spent in this place.
 C = Inter-level travel time spent in this place.
 D = Time resting spent in this place.
 E = Time spent auto-exploring this place.
 F = Levels seen in this place.
 G = Mean time per level.
                   A        B        C        D        E       F      G
               +--------+--------+--------+--------+--------+-----+--------+
         Total |   1560 |   1535 |     25 |    161 |    892 |   6 |  260.0 |
       Dungeon |   1560 |   1535 |     25 |    161 |    892 |   6 |  260.0 |
               +--------+--------+--------+--------+--------+-----+--------+

Top non-repeatable levels by time:
     D:5: 639 daAuts
     D:1: 292 daAuts
     D:2: 285 daAuts
     D:4: 175 daAuts
     D:3: 156 daAuts
     D:6: 11 daAuts
